[Event "January 9 Late 2024"]
[Site "https://www.chess.com"]
[Date "2024.01.10"]
[Round "1"]
[White "Ashraf, Artin"]
[Black "Silva, Caio Henrique Angelico"]
[Result "1-0"]
[Board "48"]
[TimeControl "180+1"]
[WhiteFideId "22514805"]
[BlackFideId "22777210"]
[WhiteElo "2931"]
[BlackElo "2508"]
[WhiteTeam "IRI"]
[BlackTeam "BRA"]
[WhiteClock "0:01:07"]
[BlackClock "0:00:06"]

1. e4 c6 2. d4 d5 3. exd5 cxd5 4. Bd3 Nc6 5. c3 Nf6 6. Bf4 Bg4 7. Qb3 Qd7 8. Nd2 e6 9. Ngf3 Bxf3 10. Nxf3 Bd6 11. Bg3 O-O 12. O-O Bxg3 13. hxg3 a6 14. Rae1 Qc7 15. Qd1 b5 16. a3 Rab8 17. g4 g6 18. g5 Nh5 19. g3 a5 20. Kg2 b4 21. cxb4 axb4 22. a4 b3 23. Bb5 Na7 24. Qxb3 Nxb5 25. axb5 Qb6 26. Ne5 Qxb5 27. Qf3 f6 28. gxf6 Rxf6 29. Qe3 Re8 30. Ng4 Rff8 31. Qe5 Ng7 32. Rc1 Qd3 33. Nf6+ Rxf6 34. Qxf6 Rf8 35. Qe5 Qf3+ 36. Kg1 Qf7 37. Rc7 Qf6 38. Qxf6 Rxf6 39. Rc8+ Kf7 40. Ra1 g5 41. Ra7+ Kg6 42. Rg8 Rf7 43. Rxf7 Kxf7 44. Rh8 Nf5 45. Rxh7+ Kg6 46. Rb7 Nxd4 47. b4 Kf6 48. b5 Ke5 49. b6 Kd6 50. Rc7 g4 51. Rc8 Kd7 52. b7 Nc6 53. Rxc6 Kxc6 54. b8=Q 1-0

[Event "January 9 Late 2024"]
[Site "https://www.chess.com"]
[Date "2024.01.09"]
[Round "1"]
[White "Avramidou, Anastasia"]
[Black "Matlakov, Maxim"]
[Result "0-1"]
[Board "49"]
[TimeControl "180+1"]
[WhiteFideId "4239873"]
[BlackFideId "4168003"]
[WhiteElo "2508"]
[BlackElo "2927"]
[WhiteTeam "GRE"]
[BlackTeam "RUS"]
[WhiteClock "0:00:00"]
[BlackClock "0:00:24"]

1. Nf3 Nf6 2. c4 b6 3. Nc3 Bb7 4. d3 g6 5. e4 d6 6. g3 Bg7 7. Bg2 c5 8. O-O O-O 9. h3 Nbd7 10. Be3 Rc8 11. Qd2 a6 12. a4 e6 13. Rae1 Nb8 14. Bh6 Nc6 15. Bxg7 Kxg7 16. b3 Nd7 17. Qb2 Qf6 18. Nh2 h5 19. f4 Kg8 20. Kh1 Qg7 21. g4 hxg4 22. hxg4 Nd4 23. Re3 f6 24. Ne2 Nxe2 25. Qxe2 Kf7 26. Rh3 Rh8 27. Rff3 Ke7 28. Kg1 Rcf8 29. Qb2 Kd8 30. g5 Rxh3 31. Bxh3 Qe7 32. gxf6 Nxf6 33. b4 Kc7 34. a5 bxa5 35. bxa5 Nh5 36. Qb6+ Kb8 37. Bg2 Nxf4 38. Ng4 Ka8 39. Ne3 Nxd3 40. Rxf8+ Qxf8 41. Ng4 Nf4 42. Bh1 Ne2+ 43. Kg2 Bxe4+ 44. Kh2 Qh8+ 0-1

[Event "January 9 Late 2024"]
[Site "https://www.chess.com"]
[Date "2024.01.09"]
[Round "1"]
[White "Indjic, Aleksandar"]
[Black "Dragomirescu, Robin-Alexandru"]
[Result "1-0"]
[Board "50"]
[TimeControl "180+1"]
[WhiteFideId "911925"]
[BlackFideId "1213849"]
[WhiteElo "2926"]
[BlackElo "2507"]
[WhiteTeam "SRB"]
[BlackTeam "ROU"]
[WhiteClock "0:00:56"]
[BlackClock "0:00:57"]

1. e4 Nc6 2. Nf3 f5 3. exf5 d5 4. Bb5 Bxf5 5. d3 Qd6 6. Bxc6+ bxc6 7. Qe2 Nf6 8. Nbd2 e6 9. Ne5 Be7 10. h3 O-O 11. Ndf3 Nd7 12. Nxd7 Qxd7 13. Bd2 Bf6 14. Ne5 Qd6 15. f4 Bxe5 16. Qxe5 Qxe5+ 17. fxe5 c5 18. Ke2 Rab8 19. b3 c4 20. Be3 a5 21. Bc5 Rfd8 22. Ke3 Rb5 23. Kd4 cxd3 24. cxd3 Bxd3 25. Rhc1 Be4 26. g4 a4 27. b4 a3 28. Rf1 Bg2 29. Rf2 Bxh3 30. Rg1 Rdb8 31. Kc3 d4+ 32. Kc4 d3 33. Rf3 Bxg4 34. Rxg4 d2 35. Rd3 1-0

[Event "January 9 Late 2024"]
[Site "https://www.chess.com"]
[Date "2024.01.09"]
[Round "1"]
[White "Medeiros Jr, Francisco De Assis"]
[Black "Bok, Benjamin"]
[Result "0-1"]
[Board "51"]
[TimeControl "180+1"]
[WhiteFideId "2114267"]
[BlackFideId "1017063"]
[WhiteElo "2506"]
[BlackElo "2926"]
[WhiteTeam "BRA"]
[BlackTeam "NED"]
[WhiteClock "0:00:01"]
[BlackClock "0:00:03"]

1. d4 Nf6 2. Nf3 e6 3. Bg5 h6 4. Bh4 c5 5. e3 d5 6. Nbd2 Nbd7 7. c3 Bd6 8. Bd3 O-O 9. O-O b6 10. Qe2 Bb7 11. Rad1 Qc7 12. Bxf6 Nxf6 13. e4 dxe4 14. Nxe4 Bxe4 15. Bxe4 Rad8 16. Bd3 cxd4 17. cxd4 g6 18. a3 Kg7 19. Rfe1 Nd5 20. g3 Qe7 21. Kg2 Rc8 22. Rc1 Rc7 23. Rxc7 Qxc7 24. Rd1 Rc8 25. Ba6 Rb8 26. Rd2 Qd8 27. Bc4 Nf6 28. Ne5 Qc7 29. Bb3 Qb7+ 30. f3 Rc8 31. Nxf7 Qxf7 32. Bxe6 Qb7 33. Bxc8 Qxc8 34. Rc2 Qd7 35. Qc4 h5 36. Qc6 Qe7 37. Kf2 h4 38. Kg2 hxg3 39. hxg3 Nh5 40. f4 Qe3 41. Qf3 Qe1 42. Re2 Qb1 43. Qb7+ Kh6 44. Qe4 Qd1 45. a4 Qxa4 46. Qf3 Qxd4 47. Kh2 Qf6 48. Kg2 a5 49. Kf1 a4 50. Rh2 Kg7 51. g4 Qxf4 52. Qxf4 Nxf4 53. Rd2 Bc5 54. Rd7+ Kf6 55. Ke1 Ne6 56. Rb7 Bd4 57. Kd2 Kg5 58. Kd3 Bc5 59. Kc4 Kxg4 60. Ra7 g5 61. Rxa4 Kf3 62. Kd5 Nf4+ 63. Ke5 Nd3+ 64. Kd5 g4 65. Ra8 g3 66. Ra7 g2 67. Rf7+ Nf4+ 68. Kc4 g1=Q 0-1

[Event "January 9 Late 2024"]
[Site "https://www.chess.com"]
[Date "2024.01.09"]
[Round "1"]
[White "Alekseenko, Kirill"]
[Black "Petre, Nad-Titus"]
[Result "1-0"]
[Board "52"]
[TimeControl "180+1"]
[WhiteFideId "4135539"]
[BlackFideId "1204165"]
[WhiteElo "2924"]
[BlackElo "2504"]
[WhiteTeam "AUT"]
[BlackTeam "ROU"]
[WhiteClock "0:00:54"]
[BlackClock "0:00:03"]

1. e4 e5 2. Nf3 Nc6 3. Bc4 Bc5 4. d3 Nf6 5. h3 h6 6. Nc3 a6 7. a4 d6 8. Be3 Bxe3 9. fxe3 Ne7 10. O-O Ng6 11. a5 Qe7 12. Ne2 Be6 13. Bxe6 fxe6 14. c4 O-O 15. Ng3 Nh7 16. b4 c6 17. Kh2 Ng5 18. Nxg5 Qxg5 19. Qe2 Nh4 20. Rxf8+ Rxf8 21. Rf1 Rxf1 22. Nxf1 h5 23. g3 Ng6 24. h4 Qh6 25. Nd2 Ne7 26. Nf3 Kf7 27. Ng5+ Ke8 28. Qf3 Kd7 29. Kg2 Qg6 30. Qf8 d5 31. Nf7 1-0

[Event "January 9 Late 2024"]
[Site "https://www.chess.com"]
[Date "2024.01.09"]
[Round "1"]
[White "Martin Barcelo, Carles"]
[Black "Sanal, Vahap"]
[Result "1/2-1/2"]
[Board "53"]
[TimeControl "180+1"]
[WhiteFideId "24561444"]
[BlackFideId "6300545"]
[WhiteElo "2502"]
[BlackElo "2923"]
[WhiteTeam "ESP"]
[BlackTeam "TUR"]
[WhiteClock "0:00:10"]
[BlackClock "0:00:06"]

1. e4 d6 2. d4 Nf6 3. Nc3 e5 4. Nf3 Nbd7 5. Bc4 Be7 6. a4 O-O 7. a5 c6 8. O-O h6 9. h3 Re8 10. Re1 Rb8 11. Bb3 b5 12. axb6 axb6 13. d5 Bb7 14. dxc6 Bxc6 15. Bd5 Nxd5 16. Nxd5 Nf6 17. Ra7 Nxd5 18. exd5 Bd7 19. Bd2 Ra8 20. Qa1 Rxa7 21. Qxa7 Bf5 22. Be3 Bxc2 23. Bxb6 Qb8 24. Nd2 Qxa7 25. Bxa7 Ra8 26. Bd4 Rb8 27. Bc3 g5 28. g4 f5 29. Ra1 Rb7 30. Ra6 Bd3 31. Ra5 Kf7 32. Kg2 Rb5 33. Rxb5 Bxb5 34. gxf5 Bd3 35. f3 Bxf5 36. Ne4 Ke8 37. Bb4 Kd7 38. Kf2 Bg6 39. Kg3 Bf7 40. Nc3 h5 41. Ba5 Bg6 42. Bb6 Bd3 43. Be3 Bc4 44. Bb6 Ke8 45. Kg2 Kf7 46. Kg3 Kg6 47. Be3 Kf7 48. Bb6 Bb3 49. Kg2 Kg6 50. Kg3 Kf5 51. Bc7 Bf8 52. Bb6 Be7 53. Bc7 h4+ 54. Kf2 Kg6 55. Ne4 Bxd5 56. Bxd6 Bxe4 57. Bxe7 Bf5 58. Bd6 Kf6 59. Kg2 Bd7 60. Bc7 Kf5 61. Bd8 Be6 62. Bc7 Bb3 63. Bd8 Bd5 64. Bc7 Kf4 65. Kf2 Bb3 66. Bd6 Kf5 67. Ke3 Bc4 68. Kf2 Bb5 69. Kg2 Kf4 70. Bc7 Bd7 71. Bb8 Bc6 72. Kf2 Bb7 73. Bc7 Bc8 74. Kg2 Bf5 75. Bd6 Bg6 76. Bc7 Bh5 77. Kf2 Kf5 78. Kg2 Be8 79. Kf2 Bc6 80. Bb8 Bb7 81. Bd6 Kf4 82. Bc7 Bc8 83. Kg2 Be6 84. Bd6 Bd5 85. Kf2 Bc6 86. Bc7 Bd7 87. Kg2 Kf5 88. Kf2 Ba4 89. Kg2 Bd1 90. Kf2 Ke6 91. Bd8 Kf5 92. Bc7 Bc2 93. Bb8 Kf4 94. Bc7 Bf5 95. Kg2 Be6 96. Bd6 Bd5 97. Kf2 Bc6 98. Bc7 Bd7 99. Kg2 Bc8 100. Bb8 Ba6 101. Kf2 Bb5 102. Bc7 Bd7 1/2-1/2

[Event "January 9 Late 2024"]
[Site "https://www.chess.com"]
[Date "2024.01.09"]
[Round "1"]
[White "Ibarra Jerez, Jose Carlos"]
[Black "Gryshko, Vitalii"]
[Result "1-0"]
[Board "54"]
[TimeControl "180+1"]
[WhiteFideId "2226332"]
[BlackFideId "14174286"]
[WhiteElo "2923"]
[BlackElo "2502"]
[WhiteTeam "ESP"]
[BlackTeam "UKR"]
[WhiteClock "0:00:30"]
[BlackClock "0:00:01"]

1. Nf3 d5 2. g3 c5 3. Bg2 Nc6 4. d4 cxd4 5. Nxd4 Nf6 6. O-O e6 7. c4 Nxd4 8. Qxd4 dxc4 9. Qxc4 Be7 10. Nc3 O-O 11. Rd1 Qa5 12. Bf4 a6 13. Qc7 Qxc7 14. Bxc7 Bd7 15. Rac1 Rac8 16. Ne4 Nxe4 17. Rxd7 Bg5 18. f4 Nf6 19. Rdd1 Ne8 20. Bb6 Rxc1 21. Rxc1 Be7 22. Bxb7 Nd6 23. Bxa6 Ra8 24. Bc4 g5 25. Bb3 gxf4 26. gxf4 Ne4 27. Bd4 Nd2 28. Bc4 Nxc4 29. Rxc4 h5 30. a4 Rb8 31. a5 Ra8 32. Ra4 1-0

[Event "January 9 Late 2024"]
[Site "https://www.chess.com"]
[Date "2024.01.09"]
[Round "1"]
[White "Murtazin, Bulat"]
[Black "Tari, Aryan"]
[Result "1/2-1/2"]
[Board "55"]
[TimeControl "180+1"]
[WhiteFideId "24151351"]
[BlackFideId "1510045"]
[WhiteElo "2502"]
[BlackElo "2922"]
[WhiteTeam "RUS"]
[BlackTeam "NOR"]
[WhiteClock "0:00:02"]
[BlackClock "0:00:08"]

1. e4 e5 2. Nf3 Nc6 3. Nc3 Nf6 4. Be2 g6 5. d4 exd4 6. Nxd4 Bg7 7. O-O O-O 8. Bg5 h6 9. Bh4 d6 10. Nxc6 bxc6 11. f4 Qe8 12. Bf3 Rb8 13. Rb1 Nd7 14. e5 dxe5 15. Bxc6 exf4 16. Re1 Be5 17. Nd5 Qe6 18. Bxd7 Bxd7 19. Nf6+ Bxf6 20. Rxe6 Bxh4 21. Qxd7 fxe6 22. Qxe6+ Kg7 23. Rd1 Rf7 24. Rd7 Rf8 25. Qe5+ Bf6 26. Qxc7 Bxb2 27. Qxa7 Bc1 28. Kf1 Be3 29. Qb7 h5 30. h4 Rxd7 31. Qxd7+ Kh6 32. Ke2 Ra8 33. a4 Bg1 34. Kf3 Be3 35. Qb5 Rc8 36. c4 Rc5 37. Qb4 g5 38. hxg5+ Rxg5 39. Qd6+ Rg6 40. Qd5 h4 41. a5 Rg5 42. Qc6+ Rg6 43. Qb7 Rg7 44. Qe4 Rg6 45. Ke2 Rd6 46. c5 Rd2+ 47. Kf3 Kg5 48. Qe5+ Kg6 49. Ke4 Rd4+ 50. Kf3 Rd2 51. Qe6+ Kg5 52. Qg4+ Kf6 53. Qxh4+ Ke5 54. Qg5+ Kd4 55. Qd8+ Kxc5 56. Qc7+ Kb5 57. g3 Rd4 58. g4 Rd2 59. g5 Rf2+ 60. Ke4 Rg2 61. Qb7+ Kxa5 62. Kf5 Rg3 63. g6 Ka4 64. Qc6+ Kb4 65. Qb7+ Kc3 66. g7 f3 67. Qc8+ Kd3 68. g8=Q Rxg8 69. Qxg8 f2 70. Qd5+ Ke2 71. Qc4+ Ke1 72. Qc3+ Bd2 73. Qe5+ Kd1 74. Qb5 Ke1 75. Qb1+ Ke2 76. Qe4+ Kd1 77. Qf3+ Ke1 78. Qg3 Ke2 79. Qg4+ Ke1 80. Qe4+ Kd1 81. Qh1+ Ke2 82. Qe4+ Kd1 1/2-1/2

[Event "January 9 Late 2024"]
[Site "https://www.chess.com"]
[Date "2024.01.09"]
[Round "1"]
[White "Zhigalko, Sergei"]
[Black "Mizzi, Jack"]
[Result "1-0"]
[Board "56"]
[TimeControl "180+1"]
[WhiteFideId "13502956"]
[BlackFideId "5602521"]
[WhiteElo "2918"]
[BlackElo "2501"]
[WhiteTeam "BLR"]
[BlackTeam "MLT"]
[WhiteClock "0:01:51"]
[BlackClock "0:00:28"]

1. e4 c6 2. d4 d5 3. e5 Bf5 4. Nf3 e6 5. Be2 Ne7 6. O-O Ng6 7. Ne1 Ne7 8. Nd3 Nd7 9. Nd2 Qc7 10. Nb3 f6 11. Bf4 fxe5 12. Nxe5 Nxe5 13. Bxe5 Qb6 14. Bd3 h5 15. Re1 Kf7 16. Qf3 Rh6 17. Bf4 Rh7 18. Bg5 g6 19. Nc5 Qxb2 20. Nxe6 Bh6 21. Bxe7 Kxe7 22. Ng5+ 1-0

[Event "January 9 Late 2024"]
[Site "https://www.chess.com"]
[Date "2024.01.09"]
[Round "1"]
[White "Zhang, Derek"]
[Black "Liascovich, Lucas"]
[Result "0-1"]
[Board "57"]
[TimeControl "180+1"]
[WhiteFideId "2087871"]
[BlackFideId "108634"]
[WhiteElo "2501"]
[BlackElo "2913"]
[WhiteTeam "USA"]
[BlackTeam "ARG"]
[WhiteClock "0:00:00"]
[BlackClock "0:01:20"]

1. Nf3 d5 2. c4 d4 3. b4 c5 4. e3 Nf6 5. Bb2 e5 6. Nxe5 Bd6 7. Nf3 dxe3 8. fxe3 cxb4 9. d4 O-O 10. Bd3 Re8 11. O-O Rxe3 12. Qc2 Bg4 13. Nbd2 Nc6 14. Rae1 Rxe1 15. Rxe1 Qa5 16. d5 Bxf3 17. Nxf3 Ne7 18. Bxf6 gxf6 19. Bxh7+ Kg7 20. Bd3 Rc8 21. Qe2 Ng6 22. Bxg6 fxg6 23. Qe6 Qc5+ 24. Kh1 Rc7 25. Nd4 Be5 26. Nf3 Re7 27. Qg4 Bd6 28. Rxe7+ Bxe7 29. Nh4 Qf2 30. Qxg6+ Kf8 31. Qh6+ Ke8 32. Qh5+ Kd8 33. Nf3 Qf1+ 34. Ng1 Bc5 0-1

[Event "January 9 Late 2024"]
[Site "https://www.chess.com"]
[Date "2024.01.09"]
[Round "1"]
[White "Livaic, Leon"]
[Black "D`Arruda, Ricardo D."]
[Result "1-0"]
[Board "58"]
[TimeControl "180+1"]
[WhiteFideId "14531534"]
[BlackFideId "100692"]
[WhiteElo "2901"]
[BlackElo "2499"]
[WhiteTeam "CRO"]
[BlackTeam "ARG"]
[WhiteClock "0:01:38"]
[BlackClock "0:01:44"]

1. d4 Nf6 2. c4 e5 3. dxe5 Ne4 4. Nf3 Nc6 5. Nbd2 Nc5 6. Nb3 Nxb3 7. Qxb3 Bb4+ 8. Bd2 Bxd2+ 9. Nxd2 Nxe5 10. e3 O-O 11. Be2 b6 12. O-O Bb7 13. Qc3 Qe7 14. Rfe1 d6 15. f3 Rfe8 16. e4 a5 17. Nf1 Rad8 18. Ne3 Ng6 19. Rac1 Nf4 20. Bf1 Qg5 21. Kh1 Re6 22. g3 Ng6 23. Bh3 Re7 24. Nf5 Ree8 25. Qxg7# 1-0

[Event "January 9 Late 2024"]
[Site "https://www.chess.com"]
[Date "2024.01.09"]
[Round "1"]
[White "Goncalves, Davi Sulzbacher"]
[Black "Hess, Robert"]
[Result "0-1"]
[Board "59"]
[TimeControl "180+1"]
[WhiteFideId "2154510"]
[BlackFideId "2022036"]
[WhiteElo "2495"]
[BlackElo "2901"]
[WhiteTeam "BRA"]
[BlackTeam "USA"]
[WhiteClock "0:00:05"]
[BlackClock "0:01:40"]

1. d4 c6 2. c4 Qc7 3. Nc3 d6 4. g3 Nd7 5. Bg2 e5 6. Nf3 Ngf6 7. O-O Be7 8. Qc2 O-O 9. Rd1 exd4 10. Nxd4 Re8 11. b3 Bf8 12. Bb2 a5 13. Rac1 Nc5 14. h3 g6 15. Nxc6 bxc6 16. Nb5 cxb5 17. Bxa8 Bf5 18. Qc3 Bg7 19. Bd5 Rxe2 20. Re1 b4 21. Qd4 Rxe1+ 22. Rxe1 Nd3 23. Re3 Nxb2 0-1

[Event "January 9 Late 2024"]
[Site "https://www.chess.com"]
[Date "2024.01.09"]
[Round "1"]
[White "Kuzubov, Yuriy"]
[Black "Hungaski, Robert"]
[Result "1-0"]
[Board "60"]
[TimeControl "180+1"]
[WhiteFideId "14112906"]
[BlackFideId "2021030"]
[WhiteElo "2900"]
[BlackElo "2494"]
[WhiteTeam "UKR"]
[BlackTeam "USA"]
[WhiteClock "0:00:06"]
[BlackClock "0:00:00"]

1. d4 Nf6 2. Nf3 d5 3. c4 dxc4 4. e3 e6 5. Bxc4 c5 6. O-O a6 7. b3 b6 8. Bb2 Bb7 9. Nbd2 Nbd7 10. Qe2 Be7 11. Rfd1 O-O 12. Rac1 b5 13. Bd3 cxd4 14. Bxd4 Ba3 15. Rc2 Rc8 16. e4 Rxc2 17. Bxc2 Qc7 18. Nf1 e5 19. Ba1 Re8 20. Ng3 g6 21. h4 Bc5 22. Ne1 h5 23. Nd3 Ba7 24. Bb2 Ng4 25. b4 Nb6 26. Nc5 Nc4 27. Bc1 Bxc5 28. bxc5 Qxc5 29. Bb3 Bc8 30. Nf1 Be6 31. g3 a5 32. Kg2 a4 33. Bc2 Bc8 34. f3 Nf6 35. Ne3 Bb7 36. Nxc4 bxc4 37. Bg5 Qc6 38. Qe3 Nd7 39. Rd5 Rc8 40. Qc3 f6 41. Be3 Nb6 42. Rc5 Qd7 43. Rxc8+ Nxc8 44. Qxc4+ Qf7 45. Qxf7+ Kxf7 46. Bxa4 Nd6 47. Bc5 Nc4 48. Bb5 Nb2 49. Kf1 Bc8 50. Ke2 Be6 51. a4 Bb3 52. a5 Na4 53. Bb4 Ke6 54. Kd2 f5 55. a6 1-0

[Event "January 9 Late 2024"]
[Site "https://www.chess.com"]
[Date "2024.01.09"]
[Round "1"]
[White "Novikov, Evgenij"]
[Black "Santos Latasa, Jaime"]
[Result "0-1"]
[Board "61"]
[TimeControl "180+1"]
[WhiteFideId "4125380"]
[BlackFideId "2293307"]
[WhiteElo "2493"]
[BlackElo "2900"]
[WhiteTeam "RUS"]
[BlackTeam "ESP"]
[WhiteClock "0:00:03"]
[BlackClock "0:00:39"]

1. d4 Nf6 2. Nf3 g6 3. c4 Bg7 4. Nc3 O-O 5. e4 d6 6. Be2 Na6 7. O-O e5 8. d5 Nc5 9. Qc2 a5 10. Bg5 h6 11. Be3 b6 12. Ne1 Nh7 13. Qd2 h5 14. Nd3 h4 15. Nxc5 bxc5 16. Bh6 f5 17. Bxg7 Kxg7 18. f4 exf4 19. exf5 g5 20. g4 fxg3 21. hxg3 Bxf5 22. gxh4 gxh4 23. Nb5 Bd7 24. Qc3+ Kh6 25. Rxf8 Nxf8 26. Rf1 Qg5+ 27. Kh1 Bxb5 28. Qh8+ Nh7 29. Qxa8 Qe3 30. Qh8 Be8 31. Rg1 Bg6 32. Rg2 h3 33. Rxg6+ Kxg6 34. Qg8+ Kh6 35. Qg4 Nf6 36. Qf3 Qxf3+ 37. Bxf3 Kg5 38. Kh2 Kh4 39. b3 Ng4+ 40. Bxg4 Kxg4 41. a3 Kh4 42. a4 Kg4 43. Kg1 Kf3 44. Kh2 Ke3 45. Kxh3 Kd3 46. Kg4 Kc3 47. Kf5 Kxb3 48. Ke6 Kxc4 49. Kd7 Kxd5 50. Kxc7 c4 51. Kb6 c3 52. Kxa5 c2 0-1

[Event "January 9 Late 2024"]
[Site "https://www.chess.com"]
[Date "2024.01.09"]
[Round "1"]
[White "Kovalev, Vladislav"]
[Black "Novikova, Galina"]
[Result "0-1"]
[Board "62"]
[TimeControl "180+1"]
[WhiteFideId "13504398"]
[BlackFideId "4157095"]
[WhiteElo "2900"]
[BlackElo "2493"]
[WhiteTeam "FID"]
[BlackTeam "RUS"]
[WhiteClock "0:00:11"]
[BlackClock "0:00:08"]

1. e4 e6 2. d4 d5 3. Nd2 Nc6 4. Ngf3 g5 5. exd5 exd5 6. Bb5 Qe7+ 7. Be2 g4 8. O-O gxf3 9. Bxf3 Be6 10. Re1 O-O-O 11. Nb3 Qf6 12. c3 Bd6 13. Nc5 Bxc5 14. dxc5 Ne5 15. Be2 Ne7 16. Qa4 Kb8 17. Bf4 Rhg8 18. Bg3 Nf5 19. Qf4 Nc6 20. Qxc7+ Ka8 21. Ba6 Bc8 22. Bb5 Nxg3 23. fxg3 Rge8 24. Rf1 Qe7 25. Qxe7 Rxe7 26. Bd3 h6 27. Rae1 Rde8 28. Rxe7 Rxe7 29. Rf6 h5 30. Rh6 Bg4 31. h3 Be2 32. Rh8+ Nb8 33. Bf5 a6 34. b4 Ka7 35. Kf2 Nc6 36. a4 d4 37. cxd4 Nxd4 38. Bc8 Bc4 39. Rxh5 Re2+ 40. Kg1 Re1+ 41. Kh2 Be6 42. g4 Bxc8 43. Rd5 Nc6 44. b5 axb5 45. axb5 Be6 46. Rd2 Ne5 47. Kg3 Nc4 48. Ra2+ Kb8 49. h4 Re3+ 50. Kf4 Re1 51. h5 Rh1 52. Re2 Kc7 53. Kg5 b6 54. cxb6+ Kxb6 55. Re4 Nd6 56. Rf4 Nxb5 57. Kf6 Nd6 58. Kg7 Kc6 59. h6 Ne8+ 60. Kf8 Nd6 61. g5 Kd5 62. Kg7 Ke5 63. Rf2 Nf5+ 64. Kg8 Nxh6+ 65. gxh6 Rxh6 66. Kg7 Rg6+ 67. Kf8 Rf6 68. Re2+ Kf5 69. Ke7 Kg6 70. Re3 Rf5 71. Rg3+ Rg5 72. Re3 Rxg2 73. Ra3 Rg5 74. Ra8 Rb5 75. Rg8+ Kf5 76. Rg1 Rb7+ 77. Kd6 Rd7+ 78. Kc5 Rd2 79. Rf1+ Kg6 80. Rg1+ Kf6 81. Rf1+ Ke7 82. Ra1 f5 83. Ra7+ Kf6 84. Ra8 f4 85. Rf8+ Ke5 86. Kb4 Bf5 87. Kc3 Rd7 88. Re8+ Kf6 89. Re1 Bg4 90. Rg1 Kf5 91. Ra1 f3 92. Ra7 Rxa7 0-1

[Event "January 9 Late 2024"]
[Site "https://www.chess.com"]
[Date "2024.01.09"]
[Round "1"]
[White "Bazilius, Augustinas"]
[Black "Melkumyan, Hrant"]
[Result "0-1"]
[Board "63"]
[TimeControl "180+1"]
[WhiteFideId "12832251"]
[BlackFideId "13302485"]
[WhiteElo "2488"]
[BlackElo "2894"]
[WhiteTeam "LTU"]
[BlackTeam "ARM"]
[WhiteClock "0:00:01"]
[BlackClock "0:01:01"]

1. d4 d5 2. c4 e6 3. Nf3 Nf6 4. g3 dxc4 5. Qa4+ Nbd7 6. Qxc4 a6 7. Bg2 b5 8. Qc6 Ra7 9. O-O Bb7 10. Qc2 c5 11. dxc5 Bxc5 12. Nc3 O-O 13. Rd1 Qa8 14. Bf4 Rc8 15. Qd2 b4 16. Na4 Bxf2+ 17. Kf1 Bc6 18. Nh4 Bxg2+ 19. Nxg2 a5 20. Rac1 Bc5 21. Nxc5 Nxc5 22. Rxc5 Rxc5 23. Qd8+ Ne8 24. Bb8 h6 25. Bxa7 Qxa7 26. Qxe8+ Kh7 27. e4 Rc2 28. Nf4 Qf2# 0-1

[Event "January 9 Late 2024"]
[Site "https://www.chess.com"]
[Date "2024.01.09"]
[Round "1"]
[White "Christiansen, Johan-Sebastian"]
[Black "Czerw, Dawid"]
[Result "1-0"]
[Board "64"]
[TimeControl "180+1"]
[WhiteFideId "1512668"]
[BlackFideId "1145746"]
[WhiteElo "2893"]
[BlackElo "2487"]
[WhiteTeam "NOR"]
[BlackTeam "POL"]
[WhiteClock "0:00:09"]
[BlackClock "0:00:01"]

1. e4 c5 2. Nf3 Nc6 3. b4 cxb4 4. d4 d5 5. exd5 Qxd5 6. c4 bxc3 7. Nxc3 Qa5 8. d5 Qxc3+ 9. Bd2 Qa3 10. dxc6 bxc6 11. Qc2 Qd6 12. Rd1 Nf6 13. Bc4 e6 14. O-O Qc7 15. Bc3 Bd7 16. Be5 Qc8 17. Qe2 a5 18. Rd3 Be7 19. Rfd1 Nd5 20. Bxg7 Rg8 21. Be5 f6 22. Bg3 e5 23. Rxd5 cxd5 24. Bxd5 Be6 25. Bxa8 Qxa8 26. Nd4 Bg4 27. Qc4 Rg6 28. Ne6 Qb8 29. Rc1 Qb4 30. Qc6+ Kf7 31. Nc7 f5 32. Qe8+ Kf6 33. Nd5+ 1-0

[Event "January 9 Late 2024"]
[Site "https://www.chess.com"]
[Date "2024.01.09"]
[Round "1"]
[White "Tao, Sihan"]
[Black "Nesterov, Arseniy"]
[Result "1-0"]
[Board "65"]
[TimeControl "180+1"]
[WhiteFideId "30982677"]
[BlackFideId "24198455"]
[WhiteElo "2484"]
[BlackElo "2889"]
[WhiteTeam "USA"]
[BlackTeam "FID"]
[WhiteClock "0:00:46"]
[BlackClock "0:00:07"]

1. e4 e5 2. Nf3 Nc6 3. Bc4 Nf6 4. d3 Be7 5. Nc3 O-O 6. Be3 d6 7. h3 Be6 8. Bb3 h6 9. Qd2 a5 10. Bxe6 fxe6 11. a4 Qe8 12. d4 exd4 13. Nxd4 Qg6 14. Nxe6 Rf7 15. Nf4 Qh7 16. f3 Ne5 17. Ncd5 Nc4 18. Nxe7+ Rxe7 19. Qc3 Nxe3 20. Qxe3 g5 21. Qb3+ Qf7 22. Qxf7+ Kxf7 23. Nd3 d5 24. e5 Nd7 25. Kd2 Nxe5 26. Nxe5+ Rxe5 27. Rhe1 Rae8 28. Rxe5 Rxe5 29. Rf1 Ke6 30. f4 Re4 31. fxg5 hxg5 32. b3 g4 33. Re1 Kf5 34. Rxe4 Kxe4 35. hxg4 Kf4 36. g5 Kxg5 37. Ke3 Kf5 38. Kd4 Ke6 39. Kc5 c6 40. Kb6 Kd6 41. Kxb7 Kc5 42. g4 d4 43. g5 Kb4 44. Kxc6 Kc3 1-0

[Event "January 9 Late 2024"]
[Site "https://www.chess.com"]
[Date "2024.01.09"]
[Round "1"]
[White "Gledura, Benjamin"]
[Black "Novik, Maxim"]
[Result "1-0"]
[Board "66"]
[TimeControl "180+1"]
[WhiteFideId "712779"]
[BlackFideId "4102924"]
[WhiteElo "2889"]
[BlackElo "2482"]
[WhiteTeam "HUN"]
[BlackTeam "LTU"]
[WhiteClock "0:00:36"]
[BlackClock "0:00:09"]

1. d4 Nf6 2. Nf3 g6 3. g3 Bg7 4. Bg2 d5 5. O-O O-O 6. c3 c6 7. a4 Bf5 8. a5 Bxb1 9. Rxb1 Qxa5 10. Ne5 Nbd7 11. Nd3 Qd8 12. f3 Re8 13. e4 dxe4 14. fxe4 e5 15. Nf2 Qc7 16. Be3 Rad8 17. Qe2 h5 18. Rbd1 exd4 19. cxd4 c5 20. d5 Ne5 21. Kh1 a5 22. Bf4 b6 23. Nh3 Qe7 24. Ng5 c4 25. h3 Nd3 26. Qc2 b5 27. b3 Rc8 28. bxc4 bxc4 29. d6 Qd7 30. Rxd3 cxd3 31. Qxd3 Nh7 32. Nf3 a4 33. e5 g5 34. Bxg5 Bxe5 35. Nxe5 Rxe5 36. Bf4 Ree8 37. Qd5 Rc2 38. Qxh5 Ree2 39. Rb1 Rb2 40. Rxb2 Rxb2 41. g4 a3 42. Be5 Rb1+ 43. Kh2 a2 44. Be4 f5 45. Bxf5 Qf7 46. Bxh7+ Qxh7 47. Qe8# 1-0

[Event "January 9 Late 2024"]
[Site "https://www.chess.com"]
[Date "2024.01.09"]
[Round "1"]
[White "Yirik, Volkan"]
[Black "Tang, Andrew"]
[Result "0-1"]
[Board "67"]
[TimeControl "180+1"]
[WhiteFideId "6300782"]
[BlackFideId "2059630"]
[WhiteElo "2481"]
[BlackElo "2885"]
[WhiteTeam "TUR"]
[BlackTeam "USA"]
[WhiteClock "0:01:17"]
[BlackClock "0:00:58"]

1. e4 b5 2. Bxb5 f5 3. exf5 c6 4. Qh5+ g6 5. fxg6 Bg7 6. gxh7+ Kf8 7. hxg8=Q+ Kxg8 8. Qe2 cxb5 9. Nf3 Nc6 10. O-O b4 11. c3 d5 12. d4 Qd6 13. Ne5 Nxe5 14. dxe5 Bxe5 15. f4 Bg7 16. Nd2 bxc3 17. Nf3 Ba6 18. Qf2 Bxf1 19. Kxf1 Rb8 20. Rb1 Qg6 21. Ra1 cxb2 0-1

[Event "January 9 Late 2024"]
[Site "https://www.chess.com"]
[Date "2024.01.09"]
[Round "1"]
[White "Grigoriants, Sergey"]
[Black "Sukandar, Irine Kharisma"]
[Result "1-0"]
[Board "68"]
[TimeControl "180+1"]
[WhiteFideId "4130804"]
[BlackFideId "7101937"]
[WhiteElo "2882"]
[BlackElo "2479"]
[WhiteTeam "HUN"]
[BlackTeam "INA"]
[WhiteClock "0:01:17"]
[BlackClock "0:00:11"]

1. d4 Nf6 2. c4 b6 3. Nc3 Bb7 4. d5 g6 5. e4 d6 6. Nf3 Bg7 7. Bd3 O-O 8. O-O e5 9. Ne1 Nbd7 10. Be3 a5 11. a3 h6 12. f3 Qe7 13. b4 axb4 14. axb4 Nh5 15. Rxa8 Rxa8 16. Qd2 Kh7 17. Nc2 Nf4 18. Ra1 Rxa1+ 19. Nxa1 Nxd3 20. Qxd3 Ba6 21. Nc2 Qf8 22. Na3 Nf6 23. Nab5 Ne8 24. Qc2 f5 25. Qa4 Bc8 26. Qa7 fxe4 27. Nxe4 Qe7 28. c5 dxc5 29. bxc5 Qd7 30. Nbc3 bxc5 31. Bxc5 Nf6 32. h3 Nxd5 33. Nxd5 Qxd5 34. Qxc7 Qe6 35. Kh2 Ba6 36. Bf8 Qg8 37. Nf6+ 1-0